 Dungeon Crawl Stone Soup version 0.17-a0-1446-gc28613e (webtiles) character file.

5923 ztt the Fighter (level 10, 0/166 HPs)
             Began as an Ogre Berserker on June 28, 2015.
             Was an Elder of Trog.
             Succumbed to a killer bee's poison
             ... on level 8 of the Dungeon.
             The game lasted 00:23:16 (11941 turns).

ztt the Fighter (Ogre Berserker)                   Turns: 11941, Time: 00:23:16

Health: 0/166      AC:  5    Str: 32    XL:     10   Next: 83%
Magic:  10/10      EV: 16    Int:  6    God:    Trog [****..]
Gold:   705        SH:  0    Dex:  9    Spells: 0 memorised, 9 levels left

rFire  . . .     SeeInvis .     t - +1 mace (holy)
rCold  + . .     Clarity  .     b - +1 animal skin
rNeg   . . .     SustAt   .     (no shield)
rPois  .         Gourm    .     (helmet restricted)
rElec  .         Spirit   .     D - +0 cloak
rCorr  .         Warding  .     (gloves unavailable)
rMut   +         Stasis   .     (boots unavailable)
MR     +++..                    K - amulet of resist mutation
Stlth  ..........               x - +4 ring of evasion
                                s - ring of protection from cold

@: berserking, lethally poisoned (0 -> -8), regenerating, drained, very quick,
extremely resistant to hostile enchantments, extremely unstealthy
A: unfitting armour, tough skin 1
a: Burn Spellbooks, Berserk, Trog's Hand, Brothers in Arms, Renounce Religion


You were on level 8 of the Dungeon.
You worshipped Trog.
Trog was greatly pleased with you.
You were hungry.

You visited 1 branch of the dungeon, and saw 9 of its levels.

You collected 705 gold pieces.

Inventory:

Hand weapons
 a - a +1 mace
 t - a +1 mace of holy wrath (weapon)
 w - a -2 giant club
Armour
 b - a +1 animal skin (worn)
 D - a +0 cloak (worn)
Rods
 N - a -3 rod of shadows (13/13)
   (You found it on level 9 of the Dungeon)
Jewellery
 s - a ring of protection from cold (left hand)
 x - a +4 ring of evasion (right hand)
 K - an amulet of resist mutation (around neck)
Magical devices
 g - a wand of lightning (6)
 j - a wand of teleportation (6)
 o - a wand of magic darts (21)
 y - a wand of lightning (2)
 A - a wand of polymorph (12)
 B - a wand of random effects (13)
 C - a wand of random effects (30)
 E - a wand of draining (9)
 G - a wand of disintegration (19)
 J - a wand of slowing (11)
Scrolls
 m - 4 scrolls of remove curse
 p - 2 scrolls of enchant armour
 r - 2 scrolls of teleportation
 H - 2 scrolls of recharging
Potions
 d - a potion of resistance
 e - 2 potions of heal wounds
 f - 4 potions of agility {unknown}
 h - 2 potions of poison {unknown}
 i - 5 potions of flight {unknown}
 k - 5 potions of curing {unknown}
 l - 2 potions of haste
 q - a potion of brilliance
 v - a potion of berserk rage
 F - 2 potions of cancellation {unknown}
 M - a potion of invisibility {unknown}
Comestibles
 c - 4 bread rations
 n - 2 meat rations
 u - 2 beef jerkies
 z - a slice of pizza
 L - 2 fruits


   Skills:
 + Level 10.5(10.3) Fighting
 + Level 10.5(10.3) Maces & Flails
 + Level 9.2(9.0) Dodging
 * Level 6.3(6.1) Stealth


You had 9 spell levels left.
You didn't know any spells.

Dungeon Overview and Level Annotations

Branches:
Dungeon (9/15)             Temple (0/1) D:4
   Lair: D:8-11         Orc: D:9-12

Altars:
Ashenzari
Cheibriados
Elyvilon
Gozag
Kikubaaqudgha
Makhleb
Nemelex Xobeh
Trog
Xom
Zin


Innate Abilities, Weirdness & Mutations

You are too large for most types of armour.
You have tough skin (AC +1).


Message History

* * * LOW HITPOINT WARNING * * *
The rat misses you. The killer bee closely misses you.
You sock the killer bee!
You kill the killer bee!
Trog accepts your kill.
You feel sick. The killer bee stings you!
* * * LOW HITPOINT WARNING * * *
You are more poisoned.
The killer bee poisons you!
You closely miss the killer bee.
The killer bee is severely wounded.
* * * LOW HITPOINT WARNING * * *
You feel very sick. The rat closely misses you.
The killer bee barely misses you.
Unknown command.
You are too berserk!
You are too berserk!
You barely miss the killer bee.
The killer bee is severely wounded.
You die...

........## ##....#...).##
.........# ##....##.....#
.........# ##....###)<...##
.........# #....## ##.....#
.(......## ##...## #.....#
......### ##.....## #.....#
.###### ##.......## #.....## ##
##.......†.###......# #
##....÷..@...##......#
##.......y.r..##......#
#..............#......#
##..............#....#.##
##...............#.......####
##................#..........#
##.................#...........
##..#...............#...........
##..................##...........


You could see a killer bee and a rat.

Vanquished Creatures
  Pikel (D:6)
  Joseph (D:7)
  Grinder (D:5)
  A deep elf mage (D:9)
  A wyvern (D:8)
  Eustachio (D:5)
  2 vampire mosquitoes (D:9)
  Grum (D:8)
  3 wolves (D:8)
  A hippogriff (D:8)
  Duvessa (D:7)
  4 orc warriors
  4 slaves (D:6)
  A necrophage (D:8)
  2 sky beasts
  2 phantoms
  4 centaurs
  2 ogres (D:5)
  2 ice beasts
  4 giant frogs
  2 scorpions
  A killer bee (D:8)
  Dowan (D:7)
  3 wights (D:9)
  A giant frog zombie (D:7)
  A centaur zombie (D:5)
  2 jellies
  8 orc wizards
  A centaur skeleton (D:5)
  9 hounds
  3 crimson imps
  An orc priest (D:7)
  6 iguanas
  Terence (D:3)
  7 worker ants
  A killer bee zombie (D:5)
  2 worker ant zombies
  10 adders
  2 gnolls (D:3)
  A shadow imp (D:5)
  3 adder skeletons
  An adder zombie (D:8)
  4 giant geckos
  29 orcs
  2 ball pythons
  11 bats
  A bat skeleton (D:8)
  9 goblins
  15 hobgoblins
  18 jackals
  4 quokkas
  A ball python skeleton (D:6)
  6 giant cockroaches
  8 giant newts
  8 kobolds
  A quokka zombie (D:7)
  13 rats
236 creatures vanquished.

Notes
Turn   | Place    | Note
--------------------------------------------------------------
     0 | D:1      | ztt the Ogre Berserker began the quest for the Orb.
     0 | D:1      | Reached XP level 1. HP: 24/24 MP: 1/1
   156 | D:1      | Reached XP level 2. HP: 25/33 MP: 2/2
   578 | D:2      | Reached XP level 3. HP: 38/40 MP: 3/3
   591 | D:2      | Found a bloodstained altar of Trog.
   592 | D:2      | Found an opulent altar of Gozag.
   597 | D:2      | Acquired Trog's second power
  1243 | D:2      | Reached skill level 5 in Fighting
  1243 | D:2      | Reached XP level 4. HP: 39/50 MP: 4/4
  1541 | D:3      | Found a shimmering altar of Xom.
  1562 | D:3      | Noticed Terence
  1670 | D:3      | Killed Terence
  1690 | D:3      | Found a faded altar to an unknown god.
  1769 | D:3      | Reached skill level 1 in Stealth
  1944 | D:3      | Reached XP level 5. HP: 51/57 MP: 5/5
  2478 | D:4      | Noticed a phantom
  2792 | D:4      | Found a white marble altar of Elyvilon.
  3135 | D:4      | Found a staircase to the Ecumenical Temple.
  3250 | D:5      | Entered Level 5 of the Dungeon
  3267 | D:5      | Reached skill level 5 in Maces & Flails
  3393 | D:5      | HP: 1/58 [acid (6)]
  3428 | D:5      | Reached XP level 6. HP: 12/67 MP: 6/6
  3999 | D:5      | Noticed Grinder
  4007 | D:5      | Killed Grinder
  4007 | D:5      | Reached skill level 6 in Fighting
  4007 | D:5      | Reached skill level 5 in Dodging
  4007 | D:5      | Reached XP level 7. HP: 75/75 MP: 7/7
  4277 | D:5      | Noticed Eustachio
  4291 | D:5      | Killed Eustachio
  4465 | D:5      | Noticed an ogre
  4466 | D:5      | Noticed a centaur
  4555 | D:5      | Killed an ogre
  4555 | D:5      | Reached XP level 8. HP: 53/84 MP: 8/8
  4567 | D:5      | Killed a centaur
  4930 | D:5      | Reached skill level 7 in Fighting
  4962 | D:5      | Noticed an ogre
  4987 | D:5      | Killed an ogre
  5679 | D:5      | Acquired Trog's third power
  5822 | D:6      | Found an ancient bone altar of Kikubaaqudgha.
  5883 | D:6      | Noticed Pikel
  6069 | D:6      | Found a shattered altar of Ashenzari.
  6354 | D:6      | Reached skill level 8 in Fighting
  6877 | D:6      | Reached XP level 9. HP: 92/96 MP: 9/9
  6930 | D:6      | Found a snail-covered altar of Cheibriados.
  6961 | D:6      | Killed Pikel
  7405 | D:7      | Noticed Joseph
  7420 | D:7      | Killed Joseph
  7420 | D:7      | Reached skill level 9 in Fighting
  7971 | D:7      | Noticed Duvessa
  7971 | D:7      | Noticed Dowan
  8001 | D:7      | Killed Dowan
  8020 | D:7      | Killed Duvessa
  8160 | D:7      | Found a glowing silver altar of Zin.
  8490 | D:7      | Reached skill level 5 in Stealth
  8608 | D:7      | Found a burning altar of Makhleb.
  8970 | D:8      | Reached XP level 10. HP: 103/107 MP: 10/10
  9715 | D:8      | Noticed Grum
  9870 | D:8      | Killed Grum
  9877 | D:8      | Reached skill level 10 in Fighting
 10073 | D:8      | Reached skill level 10 in Maces & Flails
 10362 | D:8      | Found a white marble altar of Elyvilon.
 10858 | D:8      | Found a sparkling altar of Nemelex Xobeh.
 11939 | D:8      | HP: 3/166 [killer bee (7)]
 11940 | D:8      | HP: 1/166 [poisoned by a killer bee]
 11941 | D:8      | Succumbed to a killer bee's poison

Vault maps used:
D:1:      roderic_dead_forest, hangedman_decor_slide_cut, dk_noncrumbling_2
D:2:      nicolae_gozag_seed_capital, bloody_trog
D:3:      lemuel_doored_altar, ecumenical_altar_2, amalloy_card_club,
          uniq_terence
D:4:      kennysheep_mini_moat, lemuel_temple_firewalk_marked, first_bread
D:5:      minmay_opposing_rooms, kennysheep_generic_room_4, uniq_grinder,
          uniq_eustachio
D:6:      ashenzari_conservatory_becter, cheibriados_altar_1,
          kiku_gazebo_garden_becter, nrook_mini_backslash, uniq_pikel
D:7:      kennysheep_little_box, nicolae_overflow_crystal_walls, uniq_joseph,
          uniq_duvessa
D:8:      nemelex_deck, basic_altar, uniq_grum
D:9:      nicolae_overflow_hidden_temple, hangedman_pestilent_swarm

Action                   |  1- 3 |  4- 6 |  7- 9 | 10-12 || total
-------------------------+-------+-------+-------+-------++-------
Melee: Mace              |   107 |   225 |   378 |   292 ||  1002
Invok: Berserk           |     1 |     2 |     6 |     3 ||    12
       Burn Spellbooks   |       |       |     1 |     1 ||     2
       Trog's Hand       |       |       |       |     1 ||     1
  Use: Scroll            |       |    10 |     9 |     2 ||    21
 Stab: Distracted        |       |       |     1 |       ||     1
       Sleeping          |       |       |     4 |       ||     4
  Eat: Chunk             |     2 |     7 |    20 |     9 ||    38
       Fruit             |       |     1 |     3 |     3 ||     7
       Beef jerky        |       |     1 |     1 |       ||     2
